 Dungeon Crawl Stone Soup version 0.26-a0-1040-gbe3abf3417 (webtiles) character file.

Game seed: 14522508924837303003

4226 Dracia the Spear-Bearer (level 10, -1/56 HPs)
             Began as a Merfolk Ice Elementalist on Dec 11, 2020.
             Was a Believer of Hepliaklqana.
             Slain by a two-headed ogre
             ... wielding a +0 dire flail
              (8 damage)
             ... on level 8 of the Dungeon.
             The game lasted 00:16:24 (9644 turns).

Dracia the Spear-Bearer (Merfolk Ice Elementalist)  Turns: 9644, Time: 00:16:25

Health: -1/56      AC:  8    Str: 12    XL:     10   Next: 30%
Magic:  13/14      EV: 12    Int: 15    God:    Hepliaklqana [**....]
Gold:   209        SH:  0    Dex: 14    Spells: 4/15 levels left

rFire    . . .     SeeInvis .   j - +0 trident
rCold    . . .     Faith    .   (no shield)
rNeg     . . .     Spirit   .   n - +0 leather armour
rPois    .         Reflect  .   p - +2 hat
rElec    .         Harm     .   s - +0 cloak (curse)
rCorr    +         Rampage  .   e - +1 pair of gloves
Will     .....                  (no boots)
Stlth    ++........             (no amulet)
HPRegen  0.18/turn              R - ring of resist corrosion (curse)
MPRegen  0.14/turn              (no ring)

@: hasted, very quick
A: change form in water, swift swim, stealthy swim, reduced essence, beak, horns
1
a: Ancestor Life: Knight, Ancestor Life: Battlemage, Ancestor Life: Hexer,
Recall Ancestor, Ancestor Identity, Renounce Religion


You were on level 8 of the Dungeon.
You worshipped Hepliaklqana.
Hepliaklqana was pleased with you.
You visited 2 branches of the dungeon, and saw 9 of its levels.
You also visited: Ossuary.

You collected 391 gold pieces.
You spent 182 gold pieces at shops.


Innate Abilities, Weirdness & Mutations

You revert to your normal form in water.
You are very nimble and swift while swimming.
You are very stealthy in the water. (Stealth+)
Your life essence is reduced to manifest your ancestor. (-10% HP)
You have a beak for a mouth.
You have a pair of small horns on your head.


   Skills:
 + Level 13.9 Polearms
 - Level 2.6 Dodging
 - Level 2.1 Stealth
 + Level 3.0 Spellcasting
 - Level 11.7 Ice Magic


You had 4 spell levels left.
You knew the following spells:

 Your Spells              Type           Power        Failure   Level
o - Ozocubu's Armour      Ice            #####...     1%          3
r - Frozen Ramparts       Ice            #####.       1%          3
z - Freeze                Ice            ####         1%          1
X - Hailstorm             Conj/Ice       ###.....     22%         4

Your spell library contained the following spells:

 Spells                   Type           Power        Failure   Level
 Ensorcelled Hibernation  Hex/Ice        ###...       3%          2
 Summon Ice Beast         Ice/Summ       ###.....     22%         4
 Corona                   Hex            #......      26%         1
 Confusing Touch          Hex            #.......     58%         3
 Dazzling Flash           Conj/Hex       #.....       58%         3
 Tukima's Dance           Hex            #.......     58%         3

Inventory:

Hand Weapons
 b - a +0 spear
 j - a +0 trident (weapon)
Missiles
 i - a throwing net {=f=f}
 l - 8 curare-tipped darts {=f=f}
Armour
 a - a +0 robe
 e - a +1 pair of gloves (worn)
 n - a +0 leather armour (worn)
 o - a +0 cloak
 p - a +2 hat (worn)
 s - a cursed +0 cloak (worn)
Jewellery
 F - an uncursed ring of fire
 R - a cursed ring of resist corrosion (left hand)
Wands
 u - a wand of acid (5)
 w - a wand of polymorph (11)
Scrolls
 d - a scroll of magic mapping
 f - 6 scrolls of identify {@r1@r1}
 g - 6 scrolls of teleportation {@r4@r4}
 m - a scroll of fog
 r - a scroll of fear
 v - a scroll of blinking
Potions
 c - a potion of haste {@q3@q3}
 k - 3 potions of lignification
 q - 2 potions of heal wounds {@q2@q2}
 z - 3 potions of curing {@q1@q1}
 B - a potion of brilliance

Dungeon Overview and Level Annotations

Branches:
Dungeon (8/15)             Temple (1/1) D:4         Ossuary (visited)
   Lair: D:8-11

Altars:
Ashenzari
Cheibriados
Dithmenos
Gozag
Hepliaklqana
Kikubaaqudgha
Nemelex Xobeh
Okawaru
Ru
Sif Muna
Trog
Uskayaw
Wu Jian
Yredelemnul
Zin

Shops:
D:6 [[*(

Annotations:
D:4 3 runed translucent doors, ploum's ghost, amateur GrCK

............,**,,,,**,,,#......(.
...........,,**,,,,*#...#......).
.........#*****,,,,,#...#...##'#.
.........##,,**,,,,,+...#...##..#
..........#.,*####+##..##........
..........+..##....##..##........
..........#........#........##..#
.##..##...#........#........##..#
.##..##...#..^..@O.'.........#...
.##...#.)######....##..##....#...
.#...##..##..##....##..##...##..#
.#...##..##..##....##...#...#####
.#....#..#..........+...#....#
.#....#..#.........##..##....#
†#....#..#...##....######....####
.#....#..'...####+###...........#
.#....#..#.............##....#...


You could see a two-headed ogre.


Message History

You kill the kobold!
Your Spellcasting skill increases to level 3!
The wall freezes the two-headed ogre.
The wall freezes the two-headed ogre.
The wall freezes the two-headed ogre.
The wall freezes the two-headed ogre.
Unknown command.
The wall freezes the two-headed ogre.
The two-headed ogre hits you with a +0 dire flail! x2
Casting: Frozen Ramparts (safe; 1% risk of failure)
Confirm with . or Enter, or press ? or * to list all spells.
Aiming: Freeze (safe; 1% risk of failure)
Press: ? - help, Shift-Dir - straight line, f - two-headed ogre
Aim: a two-headed ogre, wielding two +0 dire flails (heavily wounded)
You freeze the two-headed ogre.
The two-headed ogre is severely wounded.
The frozen ramparts melt away.
The two-headed ogre hits you with a +0 dire flail!
* * * LOW HITPOINT WARNING * * *
The two-headed ogre hits you with a +0 dire flail.
* * * LOW HITPOINT WARNING * * *
You open the door. The two-headed ogre closely misses you.
The two-headed ogre hits you with a +0 dire flail!
* * * LOW HITPOINT WARNING * * *
There is an open door here.
You feel yourself speed up.
The two-headed ogre hits you with a +0 dire flail.
* * * LOW HITPOINT WARNING * * *
The two-headed ogre hits you with a +0 dire flail!
You die...

Skill      XL: |  1  2  3  4  5  6  7  8  9 10 |
---------------+-------------------------------+-----
Polearms       | 1 3 4 5 6 8 10 13 | 13.9
Ice Magic      | 5 6 7 8 9 11 | 11.7
Spellcasting   | 3 |  3.0
Dodging        | |  2.6
Stealth        | |  2.1

Action                   |  1- 3 |  4- 6 |  7- 9 | 10-12 || total
-------------------------+-------+-------+-------+-------++-------
Melee: Unarmed           |    21 |       |       |       ||    21
       Spear             |    62 |    18 |       |       ||    80
       Trident           |       |    42 |   324 |   153 ||   519
       Headbutt          |       |       |    20 |    32 ||    52
       Peck              |       |       |    18 |    22 ||    40
 Cast: Freeze            |    38 |    25 |    19 |     7 ||    89
       Frozen Ramparts   |     1 |     4 |     9 |     3 ||    17
       Ozocubu's Armour  |       |       |     1 |     2 ||     3
Invok: Ancestor Identity |       |       |     2 |       ||     2
  Use: Potion            |     1 |       |     8 |     6 ||    15
       Scroll            |       |       |     8 |     3 ||    11
 Stab: Sleeping          |     6 |     7 |     6 |       ||    19
       Distracted        |       |     1 |     2 |     1 ||     4
Armor: Robe              |    34 |     4 |       |       ||    38
       Leather armour    |       |     4 |    52 |    20 ||    76
Dodge: Dodged            |   102 |    32 |   107 |    36 ||   277

Levels and vault maps discovered:
D:1:      nicolae_arrival_somewhat_less_tricky_arrival, layout_loops_ring,
          hangedman_decor_peaks_small
D:2:      layout_basic, trog_three_pillars_becter
D:3:      layout_loops_cross, minmay_fountain_box
D:4:      layout_loops_ring, lemuel_temple_firewalk_b, gammafunk_ghost_icy,
          uniq_sigmund
D:5:      layout_basic, minmay_quadrilaterals
D:6:      layout_loops_ring, minitemple, serial_shops, shop, shop, shop,
          nicolae_shop_statue_plus
D:7:      layout_gridville, kennysheep_mini, gammafunk_temple_overflow_wave
D:8:      layout_gridville, enter_ossuary_1, minmay_pinched_square, uniq_harold
Temple:   nicolae_temple_elliptical

Notes
Turn   | Place    | Note
-------+----------+-------------------------------------------
     0 | D:1      | Dracia the Merfolk Ice Elementalist began the quest for the
                  | Orb.
     0 | D:1      | Reached XP level 1. HP: 13/13 MP: 3/3
   348 | D:1      | Reached XP level 2. HP: 19/19 MP: 5/5
   571 | D:1      | Reached skill level 1 in Polearms
   733 | D:1      | Reached skill level 5 in Ice Magic
  1044 | D:1      | Reached XP level 3. HP: 24/24 MP: 3/6
  1095 | D:1      | Reached skill level 2 in Polearms
  1290 | D:2      | Learned a level 3 spell: Frozen Ramparts
  1349 | D:2      | Found a bloodstained altar of Trog.
  1817 | D:2      | Reached skill level 3 in Polearms
  1998 | D:2      | Reached XP level 4. HP: 30/30 MP: 5/7
  2482 | D:3      | Reached skill level 4 in Polearms
  2500 | D:3      | Reached XP level 5. HP: 18/35 MP: 3/8
  2504 | D:3      | Learned a level 3 spell: Ozocubu's Armour
  2812 | D:3      | Reached skill level 6 in Ice Magic
  3398 | D:4      | Reached skill level 5 in Polearms
  3400 | D:4      | Reached XP level 6. HP: 39/41 MP: 4/9
  3575 | D:4      | Noticed Sigmund
  3586 | D:4      | Killed Sigmund
  3587 | D:4      | Reached skill level 6 in Polearms
  3587 | D:4      | Reached skill level 7 in Ice Magic
  3587 | D:4      | Reached XP level 7. HP: 34/46 MP: 7/10
  3826 | D:4      | Reached skill level 7 in Polearms
  4007 | D:4      | Noticed ploum's ghost (amateur GrCK)
  4037 | D:4      | Found a runed translucent gate.
  4037 | D:4      | Found a runed translucent gate.
  4037 | D:4      | Found a runed translucent gate.
  4237 | D:4      | Found a staircase to the Ecumenical Temple.
  4368 | Temple   | Entered the Ecumenical Temple
  4389 | Temple   | Became a worshipper of Hepliaklqana the Forgotten
  4455 | D:5      | Entered Level 5 of the Dungeon
  4953 | D:5      | Reached skill level 8 in Polearms
  5059 | D:5      | Reached skill level 8 in Ice Magic
  5462 | D:5      | Reached XP level 8. HP: 38/46 MP: 11/11
  5704 | D:5      | Gained mutation: You have a pair of small horns on your
                  | head. [potion of mutation]
  5704 | D:5      | Gained mutation: You have a beak for a mouth. [potion of
                  | mutation]
  5846 | D:5      | Reached skill level 9 in Polearms
  6235 | D:5      | Reached skill level 9 in Ice Magic
  6517 | D:6      | Reached skill level 10 in Polearms
  6759 | D:6      | Found a shimmering blue altar of Sif Muna.
  6822 | D:6      | Found a hide-covered altar of Uskayaw.
  6825 | D:6      | Found an iron altar of Okawaru.
  7004 | D:6      | Found Tovox's Antique Weapon Emporium.
  7082 | D:6      | Reached * piety under Hepliaklqana
  7082 | D:6      | Found Puveoc's Antique Armour Shop.
  7090 | D:6      | Bought a runed hat for 182 gold pieces
  7102 | D:6      | Found Ropiy's Armour Emporium.
  7226 | D:6      | Found Vile's General Store.
  7321 | D:6      | Reached XP level 9. HP: 28/51 MP: 8/12
  7550 | D:6      | Reached skill level 11 in Polearms
  7550 | D:6      | Reached skill level 10 in Ice Magic
  7555 | D:6      | Learned a level 4 spell: Hailstorm
  7862 | D:7      | Found a glowing silver altar of Zin.
  7899 | D:7      | Found an ancient bone altar of Kikubaaqudgha.
  7899 | D:7      | Found a snail-covered altar of Cheibriados.
  8319 | D:7      | Reached ** piety under Hepliaklqana
  8603 | D:8      | Noticed Harold
  8627 | D:8      | Killed Harold
  8628 | D:8      | Reached skill level 12 in Polearms
  8628 | D:8      | Reached skill level 11 in Ice Magic
  8719 | D:8      | Noticed a two-headed ogre
  8731 | D:8      | Killed a two-headed ogre
  8732 | D:8      | Reached skill level 13 in Polearms
  8732 | D:8      | Reached XP level 10. HP: 10/56 MP: 10/13
  9031 | D:8      | Found a sand-covered staircase.
  9044 | Ossuary  | Entered an ossuary
  9606 | D:8      | Noticed a two-headed ogre
  9627 | D:8      | Reached skill level 3 in Spellcasting
  9644 | D:8      | Slain by a two-headed ogre

Vanquished Creatures
  Harold (D:8)
  A two-headed ogre (D:8)
  Sigmund (D:4)
  An orc warrior (D:6)
  A sky beast (D:5)
  3 phantoms
  4 centaurs
  A big kobold (D:8)
  4 elf zombies (Ossuary)
  2 bullfrogs (D:7)
  3 scorpions
  A howler monkey (D:7)
  6 centaur zombies (Ossuary)
  2 hounds
  2 human zombies (Ossuary)
  3 orc priests (D:6)
  A jelly (D:5)
  A centaur skeleton (D:3)
  4 iguanas
  2 orc wizards
  4 worker ants
  3 mummies (Ossuary)
  A worker ant zombie (D:5)
  2 gnolls (D:5)
  9 adders
  2 white imps
  An ufetubus (D:5)
  An adder zombie (D:5)
  2 worms
  A dart slug (D:4)
  8 leopard geckos
  24 orcs
  A giant cockroach (D:4)
  6 goblins
  9 hobgoblins
  9 jackals
  6 kobolds
  3 quokkas
  2 ball pythons
  10 bats
  5 frilled lizards
  A leopard gecko skeleton (D:4)
  A leopard gecko zombie (D:5)
  A quokka zombie (D:8)
  7 rats
163 creatures vanquished.

Vanquished Creatures (collateral kills)
  A centaur (D:5)
  2 bullfrogs
  An orc priest (D:5)
  An orc wizard (D:6)
  A worker ant zombie (D:5)
  2 gnolls (D:5)
  A white imp (D:5)
  An ufetubus (D:5)
  An adder skeleton (D:5)
  A worm (D:5)
  A leopard gecko (D:5)
  3 orcs
  A ball python (D:6)
  A kobold (D:8)
  A quokka zombie (D:7)
19 creatures vanquished.

Vanquished Creatures (others)
  A worker ant (D:4)
  8 ancestors
9 creatures vanquished.

Grand Total: 191 creatures vanquished

Table legend: (Time is in decaauts)
 A = Elapsed time spent in this place.
 B = Non-inter-level travel time spent in this place.
 C = Inter-level travel time spent in this place.
 D = Time resting spent in this place.
 E = Time spent auto-exploring this place.
 F = Levels seen in this place.
 G = Mean time per level.
                   A        B        C        D        E       F      G
               +--------+--------+--------+--------+--------+-----+--------+
         Total |   9523 |   9344 |    179 |   2737 |   5166 |  10 |  952.3 |
       Dungeon |   9003 |   8846 |    157 |   2537 |   5016 |   8 | 1125.4 |
        Temple |     60 |     39 |     21 |      0 |     23 |   1 |   60.0 |
       Ossuary |    458 |    458 |      0 |    200 |    127 |   1 |  458.0 |
               +--------+--------+--------+--------+--------+-----+--------+

Top non-repeatable levels by time:
     D:5: 1913 daAuts
     D:6: 1399 daAuts
     D:3: 1301 daAuts
     D:1: 1286 daAuts
     D:4: 1014 daAuts
     D:2: 798 daAuts
     D:7: 776 daAuts
     D:8: 514 daAuts
 Ossuary: 458 daAuts
  Temple: 60 daAuts

Table legend:
 A = Non-vault XP
 B = Vault XP
 C = Vault XP percentage of total XP
 D = Non-vault monster count
 E = Vault monster count
 F = Vault count percentage of total count
                 A         B        C        D         E       F
            +---------+---------+-------+---------+---------+-------
      Total |    3735 |    2303 |  38.1 |     159 |      23 |  12.6
            +---------+---------+-------+---------+---------+-------
        D:1 |      37 |       0 |   0.0 |      23 |       0 |   0.0
        D:2 |      45 |       0 |   0.0 |      19 |       0 |   0.0
        D:3 |     154 |       0 |   0.0 |      26 |       0 |   0.0
        D:4 |     313 |     227 |  42.0 |      12 |       1 |   7.7
        D:5 |     670 |     284 |  29.8 |      24 |       6 |  20.0
        D:6 |     869 |       0 |   0.0 |      30 |       0 |   0.0
        D:7 |     413 |       0 |   0.0 |      13 |       0 |   0.0
        D:8 |    1234 |    1002 |  44.8 |      12 |       1 |   7.7
    Ossuary |       0 |     790 | 100.0 |       0 |      15 | 100.0
            +---------+---------+-------+---------+---------+-------
